Map: Ascension to Aiur LE

Players

Isszul

  • Race: Zerg Zerg
  • League: Diamond
  • Spawn Location: 11:00

Daniel - Winner!

  • Race: Protoss Protoss
  • League: Master
  • Spawn Location: 5:00

VOD

Have the link to the VOD?

Description

Time

  • Played on: Jan. 7, 2018, 10:56 a.m.
  • Length: 9:45
Show
View Real Time Build Order
Export as new Build Order

Isszul Zerg 

Build Orders: Pool First 

Get SALT Encoding   

  12  0:00  Drone  
  13  0:21  Overlord  
  13  0:22  Drone  
  14  0:40  Drone x2  
  16  0:43  Spawning Pool  
  16  0:44  Drone  
  16  0:49  Extractor  
  15  0:54  Drone  
  16  1:14  Hatchery  
  15  1:18  Drone  
  15  1:21  Drone  
  17  1:28  Drone  
  18  1:37  Zergling x2  
  19  1:46  Queen  
  21  1:51  Overlord  
  21  1:58  Drone  
  22  2:05  Metabolic Boost  
  22  2:10  Drone  
  23  2:27  Hatchery  
  22  2:30  Drone  
  22  2:32  Drone  
  22  2:34  Drone  
  25  2:43  Zergling x4  
  26  2:50  Zergling x2  
  27  2:52  Zergling x2  
  27  2:54  Queen  
  27  2:56  Zergling x2  
  27  2:58  Drone  
  32  3:16  Drone  
  32  3:17  Drone x3  
  32  3:18  Drone  
  35  3:20  Drone  
  35  3:34  Spore Crawler  
  35  3:35  Spore Crawler  
  35  3:37  Drone x2  
  35  3:39  Overlord x2  
  35  3:48  Drone  
  35  3:49  Drone x2  
  38  3:56  Drone x3  
  38  3:59  Extractor  
  38  4:01  Roach Warren  
  38  4:02  Drone x2  
  40  4:08  Drone x3  
  43  4:12  Drone x2  
  43  4:15  Drone x2  
  47  4:19  Drone x2  
  47  4:23  Drone  
  47  4:24  Drone  
  51  4:28  Spore Crawler  
  51  4:30  Overlord  
  50  4:37  Overlord x2  
  50  4:49  Roach x3  
  56  4:55  Queen, Overlord x2  
  56  4:59  Lair  
  58  5:00  Roach  
  58  5:05  Roach x2  
  64  5:09  Drone  
  64  5:10  Evolution Chamber  
  64  5:12  Drone  
  64  5:13  Drone x3  
  68  5:21  Ravager  
  68  5:24  Zergling x10  
  68  5:25  Zergling x4  
  76  5:31  Roach  
  76  5:33  Overlord  
  78  5:36  Extractor  
  78  5:37  Ravager  
  78  5:45  Roach x2  
  82  5:52  Roach  
  82  5:56  Roach  
  86  6:17  Zerg Missile Weapons Level 1  
  86  6:20  Extractor  
  86  6:22  Spine Crawler  
  86  6:23  Spine Crawler  
  86  6:25  Drone x3  
  86  6:26  Spine Crawler, Drone x4  
  87  6:34  Roach x4  
  87  6:35  Roach  
  97  6:43  Extractor  
  96  6:48  Ravager  
  96  6:51  Overlord x3  
  96  6:52  Overlord x3  
  97  6:56  Spine Crawler  
  97  6:59  Ravager  
  97  7:00  Spine Crawler, Ravager  
  97  7:10  Ravager  
  97  7:13  Ravager  
  97  7:14  Zergling x22  
  110  7:20  Roach x3  
  102  7:38  Zergling x2  
  102  7:39  Zergling x8  
  102  7:43  Roach  
  102  7:44  Roach x3  
  91  8:00  Roach x4  
  91  8:04  Zergling x8  
  97  8:07  Zergling x6  
  97  8:11  Ravager x2  
  97  8:12  Zergling x4  
  91  8:15  Zergling x2  
  91  8:18  Zergling x2  
  72  8:25  Zergling x2  
  62  8:31  Roach x2  
  62  8:33  Ravager x3  
  66  8:37  Roach x2  
  66  8:40  Zergling x2  
  67  8:48  Zergling x4  
  63  8:52  Roach x3  
  63  8:54  Zergling x4  
  68  9:02  Ravager  
  66  9:06  Zergling x8  
  66  9:08  Zergling x6  
  65  9:10  Roach x2  
  65  9:14  Zergling x2  
  64  9:18  Roach x2  
  64  9:24  Ravager  
Show
View Real Time Build Order
Export as new Build Order

Daniel Protoss - Winner!

Build Orders:  

Get SALT Encoding   

  12  0:02  Probe  
  13  0:14  Probe  
  14  0:20  Pylon  
  14  0:26  Probe  
  15  0:38  Probe  
  15  0:41  Gateway  
  16  0:51  Probe  
  16  0:54  Assimilator  
  17  1:03  Pylon, Probe  
  18  1:15  Probe  
  19  1:21  Gateway  
  19  1:25  Assimilator  
  19  1:27  Probe  
  20  1:34  Cybernetics Core  
  20  1:39  Probe  
  21  1:51  Probe, Pylon  
  22  2:03  Probe  
  23  2:09  Adept x2 (Chrono Boost)  
  28  2:15  Probe  
  28  2:16  Warp Gate  
  28  2:25  Pylon  
  28  2:34  Sentry  
  30  2:46  Nexus  
  30  2:49  Sentry  
  32  2:55  Probe  
  33  3:03  Sentry  
  35  3:07  Probe  
  36  3:19  Probe  
  39  3:36  Pylon  
  39  3:39  Gateway, Probe  
  34  3:49  Twilight Council  
  34  3:52  Gateway, Probe  
  35  4:02  Adept, Sentry  
  39  4:03  Probe (Chrono Boost)  
  39  4:08  Pylon, Probe (Chrono Boost)  
  41  4:15  Probe (Chrono Boost)  
  42  4:23  Probe x2 (Chrono Boost)  
  44  4:28  Adept  
  44  4:29  Resonating Glaives (Chrono Boost)  
  44  4:30  Probe x2  
  47  4:32  Gateway  
  48  4:38  Assimilator  
  48  4:42  Probe x2  
  48  4:44  Sentry, Assimilator  
  52  4:54  Probe  
  52  4:56  Probe  
  52  4:57  Robotics Facility  
  54  5:06  Probe  
  55  5:08  Probe  
  55  5:09  Pylon  
  56  5:17  Sentry  
  56  5:18  Sentry, Probe  
  56  5:20  Probe  
  62  5:28  Pylon  
  62  5:29  Adept, Pylon  
  62  5:30  Probe  
  62  5:35  Sentry  
  68  5:41  Adept  
  68  5:42  Adept x2  
  73  5:46  Warp Prism  
  73  5:48  Pylon  
  75  5:51  Gateway  
  75  6:00  Adept  
  75  6:01  Adept  
  75  6:03  Gateway  
  79  6:14  Sentry  
  79  6:17  Zealot  
  83  6:30  Pylon  
  83  6:31  Adept x3  
  89  6:42  Adept  
  89  6:43  Adept  
  93  6:48  Pylon  
  93  6:51  Pylon  
  93  6:53  Pylon  
  93  7:08  Adept x5  
  97  7:09  Adept  
  105  7:18  Adept  
  107  7:36  Stalker x6  
  103  7:45  Stalker  
  95  7:59  Stalker  
  95  8:00  Stalker x5  
  77  8:20  Stalker  
  77  8:23  Stalker x2  
  77  8:24  Stalker x2  
  85  8:39  Adept x2  
  89  8:48  Warp Prism  
  87  9:00  Adept x2  
  87  9:01  Adept x5  
  99  9:27  Adept  
  99  9:28  Adept x6  
Tags
 
Add a new tag
Caveats
  • Supply blocks, unpowered buildings, or Contaminate may cause inaccurate times.
  • Supply counts are checked every 10 seconds.